AoeStats
← CamiloCor

Coastal Forest

510847366Analyzed
2v2 RM · 17h ago on Oct 2, 2026· 39m 34s· 4 players
Game mode
Random Map
Map size
Medium (4 player)
Population
200
Speed
Normal
Resources
Standard
Victory
Conquest
Starting age
Dark Age
Ending age
Imperial Age
RankedLock teamsTeams togetherTeam positionsShared explorationLock speedFull tech treeHidden civsTurbo modeCheats
Victory
Defeat
🇧🇷 Byzantines · Brazil
1116
+16
🇧🇷 Saracens · Brazil
1083
+17
🇨🇴 Britons · Colombia
1137
-18
🇨🇴 Magyars · Colombia
1081
-15
Dioin
7:55 Loom
10:33 Feudal Age
12:03 Double-Bit Axe
13:53 Fishing Lines
16:03 Scale Barding Armor
18:54 Bloodlines
21:04 Castle Age
21:32 Horse Collar
22:17 Husbandry
22:46 Stone Mining
23:01 Town Watch
24:26 Gillnets
25:16 Wheelbarrow
25:27 Heavy Plow
25:40 Bow Saw
25:57 Scale Mail Armor
26:19 Chain Barding Armor
26:10 Forging
27:36 Hand Cart
29:51 Thumb Ring
29:06 Elite Skirmisher
31:29 Town Patrol
32:07 Iron Casting
34:28 Imperial Age
34:40 Caravan
36:17 Chemistry
35:25 Siege Engineers
36:39 Elite Mameluke
39:03 Two-Man Saw
39:14 Counterweights
39:23 Counterweights
39:25 Light Cavalry
jonasks_simoes
8:18 Loom
10:53 Feudal Age
12:16 Double-Bit Axe
21:07 Horse Collar
23:51 Castle Age
23:09 Wheelbarrow
25:18 Bow Saw
26:14 Crossbowman
27:12 Gold Mining
29:09 Thumb Ring
29:36 Scale Barding Armor
31:36 Fletching
33:17 Bodkin Arrow
34:29 Ballistics
37:10 Hand Cart
37:48 Elite Skirmisher
39:13 Chain Barding Armor
CamiloCor
7:48 Loom
10:12 Feudal Age
8:28 Loom
14:18 Double-Bit Axe
28:22 Castle Age
35:28 Crossbowman
lachanda420
4:09 Loom
11:30 Feudal Age
16:26 Castle Age
16:05 Wheelbarrow
15:16 Horse Collar
15:24 Double-Bit Axe
15:36 Gold Mining
17:35 Pikeman
24:09 Crossbowman
26:06 Padded Archer Armor
28:23 Fletching
29:17 Leather Archer Armor
38:03 Imperial Age
35:59 Bodkin Arrow
36:46 Ballistics
39:23 Yeomen
Connection lost

Rejoining the realm…

Still unreachable

The connection could not be restored.

Session expired

The server has moved on; the page needs a fresh start.